 Dungeon Crawl Stone Soup version 0.29-a0-472-ge5599a681e (webtiles) character file.

Game seed: 9470271046196460709

4368 ders the Thaumaturge (level 10, -1/60 HPs)
             Began as a Djinni Conjurer on May 22, 2022.
             Was an Initiate of Ashenzari.
             Slain by a gnoll sergeant
             ... wielding a +2 trident of venom
              (14 damage)
             ... on level 7 of the Dungeon.
             The game lasted 00:11:47 (9465 turns).

ders the Thaumaturge (Djinni Conjurer)              Turns: 9465, Time: 00:11:47

Health: -1/60      AC:  2    Str:  6    XL:     10   Next: 60%
Gold:   292        EV: 12    Int: 24    God:    Ashenzari [......] SH:  5 Dex: 12

rFire   + . .      SeeInvis .   (no weapon)
rCold   . . .      Faith    .   (no shield)
rNeg    . . .      Spirit   .   a - +0 robe
rPois   ∞          Reflect  +   (no helmet)
rElec   .          Harm     .   (no cloak)
rCorr   .          Rampage  .   (no gloves)
Will    +....                   (boots unavailable)
Stlth   ++........              v - amulet of reflection
HPRegen 0.20/turn               m - ring of ice
MPRegen 0.00/turn               u - ring of wizardry

@: flying
A: sickness immunity, fire resistance 2, cold vulnerability 1, float, innate
caster, HP casting, extra vitality 1
a: Renounce Religion


You were on level 7 of the Dungeon.
You worshipped Ashenzari.
Ashenzari was noncommittal.
You visited 2 branches of the dungeon, and saw 8 of its levels.

You collected 347 gold pieces.
You spent 55 gold pieces at shops.

Inventory:

Armour
 a - a +0 robe (worn)
 j - a +1 plate armour of cold resistance
 H - a +0 kite shield
Jewellery
 i - an amulet of the acrobat
 m - a ring of ice (left hand)
 u - a ring of wizardry (right hand)
 v - an amulet of reflection (around neck)
 B - a ring of fire
 C - a +4 ring of evasion
 G - a +4 ring of protection
Wands
 q - a wand of flame (15)
 w - a wand of acid (7)
 E - a wand of iceblast (4)
Scrolls
 b - a scroll of poison
 e - 3 scrolls of fear
 f - 2 scrolls of blinking {unknown}
 g - a scroll of enchant weapon {unknown}
 h - 2 scrolls of fog
 l - 2 scrolls of vulnerability
 t - 2 scrolls of amnesia
 x - 2 scrolls of teleportation
 y - 2 scrolls of noise {unknown}
 F - a scroll of magic mapping {unknown}
Potions
 c - 5 potions of heal wounds
 d - a potion of flight {unknown}
 k - a potion of lignification {unknown}
 n - 2 potions of haste {unknown}
 o - a potion of attraction {unknown}
 p - 5 potions of mutation
 r - 4 potions of curing
 s - a potion of resistance {unknown}
 A - a potion of magic {unknown}


   Skills:
 - Level 2.1 Dodging
 - Level 1.5 Stealth
 + Level 11.9 Spellcasting


You had 9 spell levels left.
You knew the following spells:

 Your Spells              Type           Power      Damage    Failure   Level
a - Magic Dart            Conj           100%       1d8       1%          1
b - Ignite Poison         Fire/Tmut/Pois 63%        N/A       1%          3
c - Dazzling Flash        Conj/Hex       100%       N/A       1%          3
d - Fulminant Prism       Conj/Hex       31%        3d16      1%          4
e - Iskenderun's Mystic   Conj/Tloc      63%        2d13      1%          4
f - Necrotize             Necr           100%       1d9       1%          1
g - Poisonous Vapours     Pois/Air       100%       N/A       1%          2
h - Searing Ray           Conj           100%       2d8       1%          2
i - Swiftness             Air            63%        N/A       1%          3
Your spell library was empty.

Dungeon Overview and Level Annotations

Branches:
Dungeon (7/15)             Temple (1/1) D:4

Altars:
Ashenzari
Cheibriados
Dithmenos
Elyvilon
Fedhas
Gozag
Hepliaklqana
Kikubaaqudgha
Makhleb
Nemelex Xobeh
Okawaru
Qazlal
Ru
Sif Muna
Trog
Uskayaw
Vehumet
Wu Jian
Xom
Yredelemnul
Zin
The Shining One

Shops:
D:7 (!*([


Innate Abilities, Weirdness & Mutations

You are immune to sickness and miasma.
You are immune to poison.
Your flesh is very heat resistant. (rF++)
You are vulnerable to cold. (rC-)
You float through the air rather than walking.
You learn spells naturally, not from books.
Your magical power is your life essence.
You have superior vitality. (+4 MHP)


Message History

Casting: Iskenderun's Mystic Blast (safe; 1% risk of failure)
Confirm with . or Enter, or press ? or * to list all spells.
You erupt in a blast of force!
The mystic blast hits the wraith!
You destroy the wraith!
You start resting.
A troll comes into view.
Casting: Iskenderun's Mystic Blast (safe; 1% risk of failure)
Confirm with . or Enter, or press ? or * to list all spells.
Aiming: Poisonous Vapours (safe; 1% risk of failure)
Press: ? - help, Dir - move target, f - troll
Aim: a troll Poisonous vapours surround the troll!
The troll looks as sick as possible!
Casting: Poisonous Vapours (safe; 1% risk of failure)
Confirm with . or Enter, or press ? or * to list all spells.
You ignite the poison in your surroundings!
The troll seems to burn from within!!!
You kill the troll!
Unknown command.
You start resting.
A gnoll sergeant comes into view.
It is wielding the +0 fustibalus "Bofiluil" {vorpal, Fly Will+ Str-3 SInv}.
Casting: Ignite Poison (safe; 1% risk of failure)
Confirm with . or Enter, or press ? or * to list all spells.
Aiming: Poisonous Vapours (safe; 1% risk of failure)
Press: ? - help, Dir - move target, f - gnoll sergeant
Aim: a gnoll sergeant, wielding the +0 fustibalus "Bofiluil" {vorpal, Fly Will+ Str-3 SInv}, wearing a +0 ring mail, wearing a +0 buckler and wearing an amulet of reflection (wandering, hasn't noticed you) Poisonous vapours surround the gnoll sergeant!
The gnoll sergeant is poisoned.
The gnoll sergeant shouts!
You hear a shout!
The gnoll sergeant shoots a sling bullet.
The sling bullet hits you!
* * * LOW HITPOINT WARNING * * *
Casting: Poisonous Vapours (safe; 1% risk of failure)
Confirm with . or Enter, or press ? or * to list all spells.
You ignite the poison in your surroundings!
The gnoll sergeant seems to burn from within!!!
You kill the gnoll sergeant!
* * * LOW HITPOINT WARNING * * *
A gnoll sergeant comes into view. It is wielding a +2 trident of venom.
The gnoll sergeant hits you from afar with a +2 trident of venom!
You die...

.#.....#..#.#*# #.#.##.##.##.
#.......#.'##:# #.'.#..##.##.
.#.....#..##.## #.#..#.##.##.
.#######..#.## ##.#..)..#.##.
..#.#.#..###.## ##.##..)..∩....
#.......##.##.#####.##.[#[..#.###
##.....##...##.g...##..###.##.#
.###'###.....###)###...# #.##.#
................@......###.##.#
###..####...........#..##..##.#
#'######...########..##.###.#
##....≈#...# #(.##.# #.#
#....≈#.#.##### #..##.# #.#
#....≈#.......# #..##.# #.#
#≈≈≈≈≈#.#.###.# #..##.# #.#
######+.#.###.####..##.# #.#
.##.##...........###.###


You could see a gnoll sergeant.

Vanquished Creatures
  The ghost of croobank the Sneak, a novice OpFE of Gozag (D:6)
  A gargoyle (D:7)
  A troll (D:7)
  The ghost of dabmancer the Magician, a novice SpWz (D:5)
  2 wraiths (D:7)
  A wyvern (D:7)
  A yak (D:5)
  A steam dragon (D:6)
  An acid dragon (D:7)
  2 water moccasins (D:7)
  An orc warrior (D:7)
  2 ice beasts
  3 sky beasts
  2 centaurs (D:7)
  An ogre (D:5)
  A kobold brigand (D:5)
  2 bullfrogs (D:7)
  3 necrophages (D:6)
  3 scorpions
  A gnoll sergeant (D:7)
  3 jellies
  A howler monkey (D:7)
  A hound (D:7)
  2 gnoll shamans
  Ijyb (D:4)
  6 iguanas
  5 orc wizards
  12 adders
  7 gnolls
  2 white imps
  An ufetubus (D:7)
  4 worms
  5 dart slugs
  13 orcs
  5 endoplasms
  3 giant cockroaches
  11 goblins
  6 hobgoblins
  12 jackals
  12 kobolds
  10 quokkas
  7 ball pythons
  11 bats
  A frilled lizard (D:2)
  3 rats
175 creatures vanquished.

Vanquished Creatures (others)
  23 fulminant prisms
  9 fungi
  2 plants (D:5)
34 creatures vanquished.

Grand Total: 209 creatures vanquished

Notes
Turn   | Place    | Note
-------+----------+-------------------------------------------
     0 | D:1      | ders the Djinni Conjurer began the quest for the Orb.
     0 | D:1      | Reached XP level 1. HP: 15/15 MP: 0/0
   433 | D:1      | Reached XP level 2. HP: 19/21 MP: 0/0
   908 | D:1      | Reached XP level 3. HP: 24/25 MP: 0/0
   908 | D:1      | Learned a level 1 spell: Necrotize
  1112 | D:1      | Reached skill level 4 in Spellcasting
  1281 | D:1      | You are sucked into a shaft and drop 1 floor!
  1415 | D:2      | Reached XP level 4. HP: 18/31 MP: 0/0
  2891 | D:3      | Reached XP level 5. HP: 32/35 MP: 0/0
  2891 | D:3      | Learned a level 2 spell: Poisonous Vapours
  3859 | D:4      | Reached skill level 5 in Spellcasting
  3932 | D:4      | Found a staircase to the Ecumenical Temple.
  3972 | Temple   | Entered the Ecumenical Temple
  4249 | D:4      | Reached XP level 6. HP: 25/40 MP: 0/0
  5057 | D:4      | Noticed Ijyb
  5298 | D:4      | Killed Ijyb
  5569 | D:5      | Entered Level 5 of the Dungeon
  5611 | D:5      | Reached skill level 6 in Spellcasting
  5611 | D:5      | Reached XP level 7. HP: 31/45 MP: 0/0
  5611 | D:5      | Learned a level 3 spell: Ignite Poison
  6064 | D:5      | Noticed dabmancer's ghost (novice SpWz)
  6065 | D:5      | Found a runed translucent gate.
  6066 | D:5      | Found a runed translucent gate.
  6069 | D:5      | Found a runed translucent gate.
  6154 | D:5      | Noticed a yak
  6156 | D:5      | Killed a yak
  6157 | D:5      | Reached skill level 7 in Spellcasting
  6489 | D:5      | Reached XP level 8. HP: 41/50 MP: 0/0
  6491 | D:5      | Killed dabmancer's ghost
  6647 | D:6      | Reached skill level 8 in Spellcasting
  6959 | D:6      | Reached XP level 9. HP: 47/55 MP: 0/0
  6959 | D:6      | Learned a level 3 spell: Swiftness
  6992 | D:6      | Reached skill level 9 in Spellcasting
  7205 | D:6      | Found a runed translucent door.
  7206 | D:6      | Noticed croobank's ghost (novice OpFE)
  7255 | D:6      | Killed croobank's ghost
  8041 | D:7      | Reached skill level 10 in Spellcasting
  8099 | D:7      | Found Qosuh's Weapon Boutique.
  8406 | D:7      | Reached XP level 10. HP: 52/60 MP: 0/0
  8537 | D:7      | Found Cuphich's Assorted Antiques.
  8649 | D:7      | Found Eronuupn's Distillery.
  8657 | D:7      | Bought a potion of heal wounds for 55 gold pieces
  8735 | D:7      | Found Asaul's Antique Armour Shop.
  8768 | D:7      | Found Saishri's Weapon Emporium.
  8802 | D:7      | Found an iron altar of Okawaru.
  8803 | D:7      | Found a broken altar of Ashenzari.
  8821 | D:7      | Found a bloodstained altar of Trog.
  8821 | D:7      | Found a shadowy altar of Dithmenos.
  8827 | D:7      | Became a worshipper of Ashenzari the Shackled
  8894 | D:7      | Reached skill level 11 in Spellcasting
  9249 | D:7      | Noticed a gargoyle
  9316 | D:7      | Killed a gargoyle
  9462 | D:7      | Identified the +0 fustibalus "Bofiluil" {vorpal, Fly Will+
                  | Str-3 SInv}
  9465 | D:7      | Slain by a gnoll sergeant

Illustrated notes

Levels and vault maps discovered:
D:1:      evilmike_arrival_crescent, layout_loops_ring, minmay_pentomino_s2
D:2:      layout_loops_ring
D:3:      layout_loops_ring, dreamdust_mushroom_princess
D:4:      kennysheep_goblin_castle, layout_gridville, minmay_temple_entry_glass
D:5:      layout_rooms, gammafunk_ghost_nasty_kobolds, minmay_small_thing,
          uniq_ijyb
D:6:      layout_rooms, ebering_ghost_reflecting_pool
D:7:      minmay_the_grid_octo_2x2 [minmay_the_grid_octo_thin_diamonds,
          minmay_the_grid_octo_fan_narrow, minmay_the_grid_octo_chip,
          minmay_the_grid_octo_prize_single_spiral], layout_loops_ring,
          mainiacjoe_overflow_alcove_3, serial_shops, shop_fountains,
          nicolae_stop_n_shop_2, shop, nicolae_shop_overgrown_old_shop,
          nicolae_shop_waterfront, serial_rivers,
          chequers_serial_rivers_micro_b, chequers_serial_rivers_micro_a,
          chequers_serial_rivers_large_a, chequers_serial_rivers_micro_b,
          chequers_serial_rivers_room_a, lightli_minifort
Temple:   compressed_dpeg_circular_temple

Skill      XL: |  1  2  3  4  5  6  7  8  9 10 |
---------------+-------------------------------+-----
Spellcasting   | 4 5 6 7 8 10 11 | 11.9
Dodging        | |  2.1
Stealth        | |  1.5

Action                   |  1- 3 |  4- 6 |  7- 9 | 10-12 || total
-------------------------+-------+-------+-------+-------++-------
 Cast: Magic Dart        |    62 |   124 |    30 |     3 ||   219
       Searing Ray       |       |    24 |     6 |       ||    30
       Fulminant Prism   |       |     2 |    16 |     5 ||    23
       Iskenderun's Myst |       |     1 |     9 |    19 ||    29
       Poisonous Vapours |       |       |    16 |     5 ||    21
       Ignite Poison     |       |       |    16 |     4 ||    20
  Use: Scroll            |       |     4 |       |     6 ||    10
Armor: Robe              |     3 |     3 |     1 |       ||     7
Dodge: Dodged            |     2 |    13 |     7 |     4 ||    26

Table legend: (Time is in decaauts)
 A = Elapsed time spent in this place.
 B = Non-inter-level travel time spent in this place.
 C = Inter-level travel time spent in this place.
 D = Time resting spent in this place.
 E = Time spent auto-exploring this place.
 F = Levels seen in this place.
 G = Mean time per level.
                   A        B        C        D        E       F      G
               +--------+--------+--------+--------+--------+-----+--------+
         Total |   9465 |   9193 |    272 |   2074 |   6325 |   8 | 1183.1 |
       Dungeon |   9318 |   9060 |    258 |   2074 |   6210 |   7 | 1331.1 |
        Temple |    147 |    133 |     14 |      0 |    115 |   1 |  147.0 |
               +--------+--------+--------+--------+--------+-----+--------+

Top non-repeatable levels by time:
     D:4: 1621 daAuts
     D:7: 1492 daAuts
     D:1: 1469 daAuts
     D:5: 1261 daAuts
     D:2: 1180 daAuts
     D:3: 1150 daAuts
     D:6: 1142 daAuts
  Temple: 147 daAuts
